 Dungeon Crawl Stone Soup version 0.31-a0-691-g409c26aa35 (webtiles) character file.

Game seed: 3634409124050677087

711 Xavori the Sneak (level 7, -1/49 HPs)
             Began as an Octopode Chaos Knight on Sept 7, 2023.
             Was a Plaything of Xom.
             Slain by Edmund
             ... wielding a +1 dire flail of protection
              (12 damage)
             ... on level 5 of the Dungeon.
             The game lasted 00:05:15 (11846 turns).

Xavori the Sneak (Octopode Chaos Knight)           Turns: 11846, Time: 00:05:16

Health: -1/49      AC:  1    Str: 14    XL:     7   Next: 68%
Magic:  7/7        EV: 14    Int: 17    God:    Xom [.....*]
Gold:   303        SH:  0    Dex: 12    Spells: 6/6 levels left

rFire   + . .        a - +0 short sword (chaos)
rCold   + + .        (no shield)
rNeg    . . .        (helmet restricted)
rPois   +            (no amulet)
rElec   .            v - ring of protection from cold
rCorr   .            (no ring)
SInv    .            (no ring)
Will    .....        (no ring)
Stlth   +++++        (no ring)
HPRegen 0.28/turn    (no ring)
MPRegen 0.10/turn    (no ring)
                     (no ring)

%: no passive effects
@: no status effects
A: almost no armour, amphibious, 8 rings, camouflage 2, gelatinous body 1,
(nimble swimmer 1), tentacles, fangs 1, clever 1, cold resistance 1, fire
resistance 1, poison resistance, strong 1, wild magic 1, evolution 1, inability
to read after injury 1
a: Renounce Religion


You were on level 5 of the Dungeon.
You worshipped Xom.
You were Xom's teddy bear.
You visited 1 branch of the dungeon, and saw 5 of its levels.

You collected 303 gold pieces.

Inventory:

Hand Weapons
 a - a +0 short sword of chaos (weapon)
Jewellery
 r - a ring of ice
 s - a ring of ice
 t - the ring "Louhat" {+Blink Fly Str+6 Int+6 Stlth-}
   (Xom gifted it to you on level 4 of the Dungeon)

   [ring of intelligence]

   Str+6:     It affects your strength (+6).
   Int+6:     It affects your intelligence (+6).
   Fly:       It grants you flight.
   +Blink:    It lets you blink.
   Stlth-:    It makes you less stealthy.
 v - a ring of protection from cold (left tentacle)
Talismans
 k - a flux talisman
Wands
 y - a wand of iceblast (3)
Scrolls
 b - a scroll of butterflies
 d - a scroll of vulnerability {unknown}
 e - 2 scrolls of fog
 i - a scroll of revelation
 j - 3 scrolls of torment
 l - 2 scrolls of blinking
 m - a scroll of identify
 p - a scroll of enchant armour
 w - a scroll of teleportation {unknown}
Potions
 c - 4 potions of haste {unknown}
 f - a potion of enlightenment {unknown}
 g - a potion of curing {unknown}
 h - a potion of lignification {unknown}
 n - 2 potions of berserk rage {unknown}
 o - a potion of invisibility {unknown}
 q - a potion of attraction {unknown}
 x - a potion of magic {unknown}
Miscellaneous
 u - a phantom mirror


   Skills:
 + Level 4.4 Fighting
 + Level 4.9 Short Blades
 + Level 3.6 Dodging
 + Level 7.0 Stealth
 * Level 1.7 Evocations
 * Level 1.3 Shapeshifting


You had 6 spell levels left.
You didn't know any spells.
Your spell library contained the following spells:

 Spells                   Type           Power      Damage    Failure   Level
 Stone Arrow              Conj/Erth      0%         3d7       65%         3
 Lehudib's Crystal Spear  Conj/Erth      0%         10d2      100%        8
 Animate Armour           Summ/Erth      Unusable   N/A       N/A         4

Dungeon Overview and Level Annotations

Branches:
Dungeon (5/15)
 Temple: D:4-7

Altars:

Shops:
D:5 (

Annotations:
D:5 Edmund


Innate Abilities, Weirdness & Mutations

You cannot wear most types of armour.
You are amphibious.
You can wear up to eight rings at the same time.
Your skin blends seamlessly with your surroundings (Stealth++).
Your rubbery body absorbs attacks. (AC +1, EV +1)
((You are camouflaged when in or above water. (Stealth+)))
You have tentacles for arms and can constrict up to eight enemies at once.
You have very sharp teeth.
Your mind is acute. (Int +4, Str/Dex -1)
Your flesh is cold resistant. (rC+)
Your flesh is heat resistant. (rF+)
Your system is resistant to poisons. (rPois)
Your muscles are strong. (Str +4, Int/Dex -1)
Your spells are a little harder to cast, but a little more powerful.
You have hidden genetic potential.
You occasionally lose the ability to read scrolls when taking damage.


Message History

Okay, then.
You open the door.
There is an open door here.
You see here 6 stones.
There are monsters nearby!
There are monsters nearby!
There are monsters nearby!
What are your orders? t - Shout!
Orders for allies: a - Attack new target. r - Retreat! s - Stop attacking. g - Guard the area. f - Follow me.
Anything else - Cancel.
You shout for attention!
The orc shouts!
Edmund shouts!
You hear a shout! x2 "Take this token of my esteem."
Something appears before you!
You see here a wand of iceblast (3).
y - a wand of iceblast (3)
You hit Edmund. You freeze Edmund. Your grab misses Edmund.
Edmund is lightly wounded.
Edmund hits you with a +1 dire flail of protection!
You closely miss Edmund. You grab Edmund. You bite Edmund, but do no damage.
You squeeze Edmund, but do no damage.
Edmund is lightly wounded.
You constrict Edmund, but do no damage.
The orc priest invokes the aid of Beogh against you.
Beogh smites you! Edmund completely misses you.
You hit Edmund but do no damage. Lightning courses through Edmund!!
You squeeze Edmund.
Edmund is heavily wounded.
You constrict Edmund, but do no damage.
Edmund hits you with a +1 dire flail of protection!
* * * LOW HITPOINT WARNING * * *
Aiming: Phantom Mirror
Press: ? - help, Dir - move target, f - Edmund
Aim: Edmund, wielding a +1 dire flail of protection and wearing a +0 scale mail (heavily wounded, constricted by you) Nothing appears to happen.
You constrict Edmund, but do no damage.
Edmund hits you with a +1 dire flail of protection!
You die...
Edmund says, "I'd like to see a scythe do that!"
Xom chuckles heartily!

........b.b.....#
#.......#.##*
####.##.b..bb...#
#.....##### *
#..#......b.....####.....#
*
#..#.b##...........+.....#
*
...#..##.###########.....#
* ##.#...b.# #...###
#..#.##### #...#
#........# #########...#
#....###.# #..(.@@oo...#
#.....##+###'#######...#
##### * ......#.......#
#....## #...,,,
..###.#.......#
#....#####.#****
..###.........#
#..........#
.[............#
#....o@....#
.........>....#
####.......##
..############# #.......)#
..+.#**** *** #.?......#


You could see Edmund, an orc priest and an orc.

Vanquished Creatures
  2 ogres (D:5)
  A scorpion (D:4)
  A hound (D:5)
  2 jellies (D:2)
  4 iguanas (D:5)
  Natasha (thrice) (D:4)
  5 adders
  A shadow imp (D:5)
  2 ufetubi (D:5)
  2 worms
  3 dart slugs (D:1)
  8 orcs
  8 bats
  11 endoplasms
  4 giant cockroaches
  8 goblins
  9 hobgoblins
  8 jackals
  16 kobolds
  6 quokkas
  7 ball pythons
  2 frilled lizards
  4 rats (D:2)
117 creatures vanquished.

Vanquished Creatures (collateral kills)
  A sleepcap (D:4)
1 creature vanquished.

Grand Total: 118 creatures vanquished

Notes
Turn   | Place    | Note
-------+----------+-------------------------------------------
     0 | D:1      | Xavori the Octopode Chaos Knight began the quest for the
                  | Orb.
     0 | D:1      | Reached XP level 1. HP: 16/16 MP: 1/1
    95 | D:1      | Reached XP level 2. HP: 20/21 MP: 2/2
   171 | D:1      | XOM: silly message
   247 | D:1      | XOM: silly message
   437 | D:1      | Reached XP level 3. HP: 18/26 MP: 3/3
   489 | D:1      | XOM: silly message
   839 | D:1      | XOM: divination: detect items
   855 | D:1      | XOM: divination: detect items
  1730 | D:1      | XOM: divination: magic mapping
  1821 | D:1      | XOM: scenery: 1 doors open
  1880 | D:1      | XOM: give mutations
  1880 | D:1      | Gained mutation: You are strong-willed. (Will+) [Xom's
                  | grace]
  1880 | D:1      | Gained mutation: You are agile. (Dex +4, Str/Int -1) [Xom's
                  | grace]
  1880 | D:1      | Gained mutation: You have very sharp teeth. [Xom's grace]
  1880 | D:1      | Gained mutation: Your muscles are strong. (Str +4, Int/Dex
                  | -1) [Xom's grace]
  2245 | D:1      | XOM is BORED!
  2245 | D:1      | XOM: draining
  2411 | D:1      | XOM: god gift: scroll labelled VEUTIC WIMIMA {god gift}
  3106 | D:1      | XOM: give mutations
  3106 | D:1      | Lost mutation: You are agile. (Dex +4, Str/Int -1) [Xom's
                  | mischief]
  3106 | D:1      | Gained mutation: Your mind is acute. (Int +4, Str/Dex -1)
                  | [Xom's mischief]
  3480 | D:1      | XOM: give mutation
  3480 | D:1      | Gained mutation: Your system is resistant to poisons.
                  | (rPois) [Xom's grace]
  4090 | D:1      | XOM: scenery: 1 doors close
  4935 | D:1      | XOM: summons 4 hostile shadow creatures
  6232 | D:1      | XOM: scenery: 1 doors open
  6453 | D:1      | XOM: give mutations
  6453 | D:1      | Gained mutation: You occasionally lose the ability to read
                  | scrolls when taking damage. [Xom's mischief]
  6453 | D:1      | Gained mutation: Your flesh is heat resistant. (rF+) [Xom's
                  | mischief]
  6784 | D:1      | XOM is BORED!
  7063 | D:1      | XOM: give mutations
  7063 | D:1      | Gained mutation: You have supernaturally acute eyesight.
                  | (SInv) [Xom's mischief]
  7063 | D:1      | Lost mutation: Your flesh is heat resistant. (rF+) [Xom's
                  | mischief]
  7063 | D:1      | Lost mutation: You have supernaturally acute eyesight.
                  | (SInv) [Xom's mischief]
  7063 | D:1      | Lost mutation: You are strong-willed. (Will+) [Xom's
                  | mischief]
  8563 | D:1      | XOM: torment (12/22 hp)
  8588 | D:1      | XOM: silly message
  8686 | D:2      | Reached skill level 1 in Stealth
  8883 | D:2      | XOM: noise
  8890 | D:2      | XOM: polymorph endoplasm -> hobgoblin
  8893 | D:2      | Reached skill level 2 in Stealth
  8893 | D:2      | Reached XP level 4. HP: 6/33 MP: 4/4
  8904 | D:2      | XOM: chaos cloud
  9032 | D:2      | Reached skill level 3 in Stealth
  9239 | D:2      | XOM: potion effect (curing)
  9241 | D:2      | Reached XP level 5. HP: 37/37 MP: 5/5
  9262 | D:2      | Reached skill level 4 in Stealth
  9604 | D:3      | XOM: 4-stop teleportation journey
  9853 | D:3      | XOM: 7-stop teleportation journey
 10048 | D:3      | XOM: divination: detect creatures
 10334 | D:4      | Reached skill level 5 in Stealth
 10334 | D:4      | Reached XP level 6. HP: 37/43 MP: 6/6
 10355 | D:4      | Noticed Natasha
 10364 | D:4      | Killed Natasha
 10517 | D:4      | Noticed Natasha
 10517 | D:4      | XOM: 1-stop teleportation journey
 10530 | D:4      | Killed Natasha
 10590 | D:4      | XOM: cast spell 'Summon Ice Beast'
 10670 | D:4      | Noticed Natasha
 10674 | D:4      | XOM: scenery: summon butterflies
 10676 | D:4      | Identified the ring "Louhat" {+Blink Fly Str+6 Int+6
                  | Stlth-} (Xom gifted it to you on level 4 of the Dungeon)
 10676 | D:4      | XOM: god gift: ring "Louhat" {+Blink Fly Str+6 Int+6
                  | Stlth-}
 10679 | D:4      | Killed Natasha
 10680 | D:4      | Reached skill level 6 in Stealth
 10717 | D:4      | XOM: god gift: battleaxe {god gift}
 10723 | D:4      | XOM: noise
 10733 | D:4      | XOM: silly message
 10746 | D:4      | XOM: god gift: phantom mirror
 11203 | D:4      | XOM: give mutations
 11203 | D:4      | Gained mutation: Your flesh is heat resistant. (rF+) [Xom's
                  | grace]
 11203 | D:4      | Gained mutation: Your skin blends seamlessly with your
                  | surroundings (Stealth++). [Xom's grace]
 11203 | D:4      | Gained mutation: Your flesh is cold resistant. (rC+) [Xom's
                  | grace]
 11203 | D:4      | Gained mutation: You have hidden genetic potential. [Xom's
                  | grace]
 11232 | D:5      | Entered Level 5 of the Dungeon
 11241 | D:5      | Reached XP level 7. HP: 48/48 MP: 7/7
 11277 | D:5      | Reached skill level 1 in Evocations
 11452 | D:5      | Reached skill level 1 in Shapeshifting
 11457 | D:5      | Gained mutation: Your spells are a little harder to cast,
                  | but a little more powerful. [hidden potential]
 11539 | D:5      | Noticed Edmund
 11542 | D:5      | XOM: smoke on damage
 11543 | D:5      | XOM: divination: magic mapping
 11543 | D:5      | HP: 2/49 [Edmund/+1 dire flail of protection (17)]
 11712 | D:5      | XOM: scenery: summon butterflies
 11716 | D:5      | Found Caory's Hydra Hut.
 11718 | D:5      | Noticed a seven-headed hydra
 11779 | D:5      | Reached skill level 7 in Stealth
 11841 | D:5      | XOM: god gift: wand of iceblast (3)
 11846 | D:5      | Slain by Edmund

Illustrated notes

Levels and vault maps discovered:
D:1:      giann_wishing_wells, layout_basic
D:2:      cheibrodos_fertilizer, layout_rooms, minmay_misc_feat_five
D:3:      layout_basic
D:4:      layout_cave_pods, corexii_corridor_pit, uniq_natasha
D:5:      layout_basic, nrook_loot_triangle, doesnt_shop_hydraphobe, uniq_edmund

Skill      XL: |  1  2  3  4  5  6  7 |
---------------+----------------------+-----
Stealth        | 2 3 5 6 7 |  7.0
Short Blades   | 4 |  4.9
Dodging        | 3 |  3.6
Fighting       | 4 |  4.4
Evocations     | 1 |  1.7
Shapeshifting  | 1 |  1.3

Action                     |  1- 3 |  4- 6 |  7- 9 || total
---------------------------+-------+-------+-------++-------
  Melee: Short sword       |    72 |   166 |    34 ||   272
         Tentacles         |    18 |    35 |    11 ||    64
         Constrict         |    18 |    42 |     5 ||    65
         Bite              |     5 |    35 |     6 ||    46
         Punch             |       |     1 |       ||     1
  Evoke: Phantom mirror    |       |       |     1 ||     1
    Use: Scroll            |     1 |     6 |     1 ||     8
   Stab: Sleeping          |     5 |    12 |     6 ||    23
         Distracted        |       |     1 |       ||     1
         Petrifying        |       |       |     1 ||     1
 Armour: Skin              |    36 |    62 |     8 ||   106
  Dodge: Dodged            |    28 |    86 |    19 ||   133

Table legend: (Time is in decaauts)
 A = Elapsed time spent in this place.
 B = Non-inter-level travel time spent in this place.
 C = Inter-level travel time spent in this place.
 D = Time resting spent in this place.
 E = Time spent auto-exploring this place.
 F = Levels seen in this place.
 G = Mean time per level.
                   A        B        C        D        E       F      G
               +--------+--------+--------+--------+--------+-----+--------+
         Total |  11792 |  11679 |    113 |   8358 |   2533 |   5 | 2358.4 |
       Dungeon |  11792 |  11679 |    113 |   8358 |   2533 |   5 | 2358.4 |
               +--------+--------+--------+--------+--------+-----+--------+

Top non-repeatable levels by time:
     D:1: 8597 daAuts
     D:4: 945 daAuts
     D:2: 943 daAuts
     D:3: 701 daAuts
     D:5: 604 daAuts
